Moose vs Eagles
Created - November 30, 2024 at 09:11
Goals
|
| Moose |
1 |
3 |
2 |
6 |
| Eagles |
1 |
3 |
0 |
4 |
|
Shots
|
| Moose |
5 |
15 |
11 |
31 |
| Eagles |
11 |
14 |
7 |
32 |
|
1st period
1. Moose , Mitchell Stephens 3 (Kristian Vesalainen 2, Lukas Rousek 4) at 3:23
2. Eagles , Matteson Iacopelli 6 (Tyler Motte 9, Zach Aston-Reese 4) at 12:16
Penalties :
Kevin Bahl (Col) for Slashing (Minor) at 6:19
2nd period
3. Eagles , Gabriel Vilardi 6 (Jared McCann 12, Michael Carcone 7) at 2:14 (PP)
4. Moose , Michael McLeod 13 (Vinni Lettieri 3, Ludwig Bystrom 11) at 2:26
5. Moose , Julien Gauthier 5 (Anders Bjork 13, Chase De Leo 11) at 3:42 (PP)
6. Eagles , Tyler Motte 5 (Jack Hughes 8) at 5:44
7. Eagles , Jared McCann 6 (Gabriel Vilardi 4, Michael Carcone 8) at 9:23
8. Moose , Michael McLeod 14 (Matthew Benning 11, Nick Paul 13) at 16:56
Penalties :
Caleb Jones (Man) for Boarding (Minor) at 1:27, Matteson Iacopelli (Col) for Cross-checking (Minor) at 2:43, Michael McLeod (Man) for Slashing (Minor) at 5:59
3rd period
9. Moose , Julien Gauthier 6 (Juuso Valimaki 10) at 5:02
10. Moose , Ludwig Bystrom 3 (Matthew Benning 12) at 13:18
Penalties :
Vinni Lettieri (Man) for Hooking (Minor) at 0:55, Jack Dougherty (Col) for Interference (Minor) at 1:38, Tyler Motte (Col) for Goalie Interference (Minor) at 8:26, Ludwig Bystrom (Man) for Tripping (Minor) at 14:22, Jack Hughes (Col) for Tripping (Minor) at 16:54
Goalie Stats
Filip Gustavsson (Man), 28 saves from 32 shots - (0.875), W, 8-7-2, 60:00 minutes
Adin Hill (Col), 25 saves from 31 shots - (0.806), L, 4-4-2, 60:00 minutes
Players Stats for Moose
Player Name G A P +/- PIM S H SB GA TA FO MP PP MP PK MP
------------------------------------------------------------------------------------
Anders Bjork 0 1 1 1 0 4 0 1 1 0 0/0 16:42 2:50 1:47
Boris Katchouk 0 0 0 0 0 0 0 0 1 0 0/1 11:40 0:00 0:00
Caleb Jones 0 0 0 1 2 0 0 0 0 1 0/0 20:08 3:10 1:59
Chase De Leo 0 1 1 1 0 2 1 0 1 0 3/6 14:56 2:50 0:38
Jake Leschyshyn 0 0 0 0 0 3 1 0 1 1 2/5 12:57 0:08 1:05
Joey Keane 0 0 0 0 0 0 0 1 0 0 0/0 9:17 0:00 0:00
Josh Mahura 0 0 0 0 0 0 0 2 1 0 0/0 10:11 0:00 0:54
Julien Gauthier 2 0 2 1 0 5 2 0 0 1 6/9 16:01 2:50 1:12
Juuso Valimaki 0 1 1 1 0 2 0 0 0 0 0/0 19:38 3:10 1:53
Kieffer Bellows 0 0 0 0 0 0 0 2 0 0 0/0 11:41 0:01 0:00
Kristian Vesalainen 0 1 1 1 0 0 0 0 0 0 0/0 7:09 0:08 0:00
Ludwig Bystrom 1 1 2 1 2 2 0 0 1 0 0/0 29:45 4:29 2:35
Lukas Rousek 0 1 1 1 0 1 2 0 0 0 0/0 6:33 0:00 0:00
Matthew Benning 0 2 2 1 0 1 2 1 0 0 0/0 31:05 4:29 3:35
Michael McLeod 2 0 2 0 2 6 1 3 1 0 14/42 23:47 4:41 2:36
Mitchell Stephens 1 0 1 1 0 1 0 0 0 0 1/2 6:33 0:00 0:00
Nick Paul 0 1 1 0 0 3 3 3 1 0 1/2 24:50 4:41 3:38
Vinni Lettieri 0 1 1 0 2 1 0 0 0 3 1/1 20:19 4:48 0:00
Players Stats for Eagles
Player Name G A P +/- PIM S H SB GA TA FO MP PP MP PK MP
------------------------------------------------------------------------------------
Brett Leason 0 0 0 -1 0 0 0 0 0 0 0/0 6:42 0:00 0:00
Connor Carrick 0 0 0 -1 0 1 0 2 0 0 0/0 20:11 0:00 4:24
Gabriel Vilardi 1 1 2 0 0 5 1 1 1 0 0/0 18:06 2:50 0:34
Jack Dougherty 0 0 0 0 2 3 1 1 0 1 0/0 22:16 3:20 2:48
Jack Hughes 0 1 1 -1 2 1 1 0 0 0 10/22 18:34 2:38 1:04
Jared McCann 1 1 2 0 0 4 1 0 0 2 20/31 21:36 2:50 4:34
Jonathan Racine 0 0 0 -1 0 1 0 2 0 1 0/0 16:39 2:07 0:11
Keaton Middleton 0 0 0 -1 0 2 3 5 0 2 0/0 24:48 3:21 4:35
Kevin Bahl 0 0 0 -1 2 2 0 0 0 0 0/0 14:55 0:00 0:16
Matteson Iacopelli 1 0 1 -1 2 2 0 0 1 0 1/1 13:03 0:00 0:00
Matthew Phillips 0 0 0 0 0 0 1 0 0 0 0/0 13:13 2:38 0:00
Mattias Samuelsson 0 0 0 0 0 1 0 0 0 1 0/0 21:41 2:07 3:04
Michael Carcone 0 2 2 0 0 2 2 2 1 0 0/1 20:23 2:50 2:31
Michael Dal Colle 0 0 0 -1 0 2 0 0 0 0 1/2 10:05 0:00 2:16
Pius Suter 0 0 0 0 0 2 0 0 0 1 1/1 13:26 2:38 0:13
Sam Steel 0 0 0 0 0 2 0 0 2 0 3/5 11:32 0:00 0:34
Tyler Motte 1 1 2 -1 2 1 1 1 1 0 1/1 16:59 0:00 3:23
Zach Aston-Reese 0 1 1 -1 0 1 0 0 0 0 3/4 6:51 0:00 0:09
3 Stars
1 - Julien Gauthier (Man)
2 - Michael McLeod (Man)
3 - Matthew Benning (Man)
Power Play
Moose - 1 on 5 Attempt(s) - 20.00%
Eagles - 1 on 4 Attempt(s) - 25.00%
Penalty Kill
Moose - 3 on 4 Attempt(s) - 75.00%
- Score 0 goal in Penalty Kill
Eagles - 4 on 5 Attempt(s) - 80.00%
- Score 0 goal in Penalty Kill
Team Stat
Moose - Hits : 12 - Faceoff Wins : 28 - Blocked Shots : 13 - Penalty Minutes : 8
Eagles - Hits : 11 - Faceoff Wins : 40 - Blocked Shots : 14 - Penalty Minutes : 10
Official
Referees : Gord Dwyer and Brandon Blandina
Linesman : Michel Cormier and Ryan Daisy
Game Notes
No Game Note
Finance
Level 1 -- Attendance: 1729 (86.45%) -- Ticket Income $121,030
Level 2 -- Attendance: 1000 (100.00%) -- Ticket Income $40,000
Total Attendance: 2729 (90.97%)
Total Ticket Income: $161,030
Other Income: $8,052
Total Income: $169,082
Moose
5 vs 5 Forward
Center Left Wing Right Wing Time % Phy DF OF
1 Michael McLeod Nick Paul Vinni Lettieri 40 1 2 2
2 Chase De Leo Anders Bjork Julien Gauthier 30 1 2 2
3 Jake Leschyshyn Boris Katchouk Kieffer Bellows 20 1 2 2
4 Mitchell Stephens Kristian Vesalainen Lukas Rousek 10 1 2 2
5 vs 5 Defense
Defense Defense Time % Phy DF OF
1 Ludwig Bystrom Matthew Benning 40 1 2 2
2 Juuso Valimaki Caleb Jones 30 1 2 2
3 Josh Mahura Joey Keane 20 1 2 2
4 Ludwig Bystrom Matthew Benning 10 1 2 2
PowerPlay Forward
Center Left Wing Right Wing Time % Phy DF OF
1 Michael McLeod Nick Paul Vinni Lettieri 60 1 2 2
2 Chase De Leo Anders Bjork Julien Gauthier 40 1 2 2
PowerPlay Defense
Defense Defense Time % Phy DF OF
1 Ludwig Bystrom Matthew Benning 60 1 2 2
2 Juuso Valimaki Caleb Jones 40 1 2 2
Penalty Kill 4 Players Forward
Center Wing Time % Phy DF OF
1 Michael McLeod Nick Paul 60 1 2 2
2 Chase De Leo Anders Bjork 40 1 2 2
Penalty Kill 4 Players Defense
Defense Defense Time % Phy DF OF
1 Ludwig Bystrom Matthew Benning 60 1 2 2
2 Juuso Valimaki Caleb Jones 40 1 2 2
Penalty Kill - 3 Players Forward
Forward Time % Phy DF OF
1 Michael McLeod 60 1 2 2
2 Chase De Leo 40 1 2 2
Penalty Kill - 3 Players Defense
Defense Defense Time % Phy DF OF
1 Ludwig Bystrom Matthew Benning 60 1 2 2
2 Juuso Valimaki Caleb Jones 40 1 2 2
4 vs 4 Forward
Center Wing Time % Phy DF OF
1 Michael McLeod Nick Paul 60 1 2 2
2 Chase De Leo Anders Bjork 40 1 2 2
4 vs 4 Defense
Defense Defense Time % Phy DF OF
1 Ludwig Bystrom Matthew Benning 60 1 2 2
2 Juuso Valimaki Caleb Jones 40 1 2 2
Last Minutes Offensive
Center Left Wing Right Wing Defense Defense
Michael McLeod Nick Paul Vinni Lettieri Ludwig Bystrom Matthew Benning
Last Minutes Defensive
Center Left Wing Right Wing Defense Defense
Michael McLeod Nick Paul Vinni Lettieri Ludwig Bystrom Matthew Benning
Goaltenders
Starting : Filip Gustavsson
Backup : Daniel Vladar
Extra Forwards
Normal : Julien Gauthier, Anders Bjork, Boris Katchouk - PP : Julien Gauthier, Anders Bjork - PK : Julien Gauthier
Extra Defensemen
Normal : Caleb Jones, Josh Mahura, Joey Keane - PP : Caleb Jones - PK : Caleb Jones, Josh Mahura
Penalty Shots
Michael McLeod, Nick Paul, Chase De Leo, Vinni Lettieri, Julien Gauthier
Custom OT Lines Forwards
Michael McLeod, Nick Paul, Chase De Leo, Vinni Lettieri, Julien Gauthier, Anders Bjork, Boris Katchouk, Jake Leschyshyn, Kieffer Bellows, Mitchell Stephens
Custom OT Lines Defensemen
Ludwig Bystrom, Matthew Benning, Juuso Valimaki, Caleb Jones, Josh Mahura
Scratches
Riley Damiani (Healthy), Alexander Khovanov (Healthy), Jaret Anderson-Dolan (Healthy), Nelson Nogier (Healthy), Adam Ginning (Healthy)
Jonny Tychonick (Healthy), Max Jones (Healthy), Nathan Bastian (Healthy), William Bitten (Healthy), Jonatan Berggren (Healthy)
Juuso Parssinen (Healthy), Joey Daccord (Healthy), Karel Vejmelka (Healthy)
Eagles
5 vs 5 Forward
Center Left Wing Right Wing Time % Phy DF OF
1 Jared McCann Michael Carcone Gabriel Vilardi 35 1 2 2
2 Jack Hughes Tyler Motte Matteson Iacopelli 34 1 2 2
3 Sam Steel Pius Suter Matthew Phillips 21 1 2 2
4 Zach Aston-Reese Michael Dal Colle Brett Leason 10 1 2 2
5 vs 5 Defense
Defense Defense Time % Phy DF OF
1 Connor Carrick Keaton Middleton 33 1 2 2
2 Jack Dougherty Mattias Samuelsson 32 1 2 2
3 Kevin Bahl Jonathan Racine 30 1 3 1
4 Keaton Middleton Mattias Samuelsson 5 1 2 2
PowerPlay Forward
Center Left Wing Right Wing Time % Phy DF OF
1 Jared McCann Michael Carcone Gabriel Vilardi 50 1 1 3
2 Jack Hughes Pius Suter Matthew Phillips 50 1 1 3
PowerPlay Defense
Defense Defense Time % Phy DF OF
1 Jack Dougherty Keaton Middleton 55 1 1 3
2 Jonathan Racine Mattias Samuelsson 45 1 1 3
Penalty Kill 4 Players Forward
Center Wing Time % Phy DF OF
1 Jared McCann Tyler Motte 65 1 3 1
2 Sam Steel Gabriel Vilardi 35 1 3 1
Penalty Kill 4 Players Defense
Defense Defense Time % Phy DF OF
1 Keaton Middleton Connor Carrick 65 1 3 1
2 Jack Dougherty Mattias Samuelsson 35 1 3 1
Penalty Kill - 3 Players Forward
Forward Time % Phy DF OF
1 Jared McCann 65 1 4 0
2 Tyler Motte 35 1 4 0
Penalty Kill - 3 Players Defense
Defense Defense Time % Phy DF OF
1 Keaton Middleton Connor Carrick 70 1 4 0
2 Jack Dougherty Mattias Samuelsson 30 1 4 0
4 vs 4 Forward
Center Wing Time % Phy DF OF
1 Jared McCann Michael Carcone 50 1 2 2
2 Jack Hughes Gabriel Vilardi 50 1 2 2
4 vs 4 Defense
Defense Defense Time % Phy DF OF
1 Connor Carrick Jack Dougherty 50 1 2 2
2 Keaton Middleton Jonathan Racine 50 1 2 2
Last Minutes Offensive
Center Left Wing Right Wing Defense Defense
Jack Hughes Michael Carcone Gabriel Vilardi Jack Dougherty Keaton Middleton
Last Minutes Defensive
Center Left Wing Right Wing Defense Defense
Jared McCann Tyler Motte Gabriel Vilardi Connor Carrick Keaton Middleton
Goaltenders
Starting : Adin Hill
Backup : Daniel Altshuller
Extra Forwards
Normal : Zach Aston-Reese, Brett Leason, Michael Dal Colle - PP : Zach Aston-Reese, Brett Leason - PK : Michael Carcone
Extra Defensemen
Normal : Kevin Bahl, Jonathan Racine, Mattias Samuelsson - PP : Connor Carrick - PK : Jonathan Racine, Kevin Bahl
Penalty Shots
Jack Hughes, Gabriel Vilardi, Jared McCann, Pius Suter, Brett Leason
Custom OT Lines Forwards
Jared McCann, Michael Carcone, Zach Aston-Reese, Tyler Motte, Gabriel Vilardi, Sam Steel, Jack Hughes, Matteson Iacopelli, Pius Suter, Michael Dal Colle
Custom OT Lines Defensemen
Connor Carrick, Jack Dougherty, Keaton Middleton, Jonathan Racine, Mattias Samuelsson
Scratches
Chris Calhan (Healthy), Dominik Kubalik (Healthy), Mark Friedman (Healthy), Tyler Tucker (Healthy), Xavier Ouellet (Healthy)
Alexander Nylander (Healthy), Max Lajoie (Healthy), Pascal Laberge (Healthy), Marian Studenic (Healthy), Ilya Nikolaev (Healthy)
Santeri Hatakka (Healthy), Jacob Leguerrier (Healthy), Elmer Soderblom (Healthy), Zachary Emond (Healthy), Linus Ullmark (Healthy)
Hugo Alnefelt (Healthy)
% Time on Ice - Moose
Lines # - Real PCT - Wanted PCT - Time Play
Normal Forward
1 - 36% - 40% - 16:20
2 - 25% - 30% - 11:28
3 - 25% - 20% - 11:16
4 - 14% - 10% - 6:33
Normal Defense
1 - 43% - 40% - 19:28
2 - 32% - 30% - 14:24
3 - 20% - 20% - 9:17
4 - 5% - 10% - 2:28
PP Forward
1 - 63% - 60% - 4:49
2 - 37% - 40% - 2:50
PP Defense
1 - 59% - 60% - 4:29
2 - 41% - 40% - 3:10
PK Forward
1 - 88% - 60% - 4:50
2 - 12% - 40% - 0:38
PK Defense
1 - 66% - 60% - 3:35
2 - 34% - 40% - 1:53
PK3 Forward
1 - 0% - 60%
2 - 0% - 40%
PK3 Defense
1 - 0% - 60%
2 - 0% - 40%
44 Forward
1 - 100% - 60% - 1:16
2 - 0% - 40% - 0:00
44 Defense
1 - 86% - 60% - 1:05
2 - 14% - 40% - 0:11
Last Minute Offensive - 0:00
Last Minute Defensive - 0:00
Total
Forward - 60:00
Defense - 60:00
|
% Time on Ice - Eagles
Lines # - Real PCT - Wanted PCT - Time Play
Normal Forward
1 - 33% - 35% - 14:52
2 - 30% - 34% - 13:29
3 - 23% - 21% - 10:34
4 - 15% - 10% - 6:42
Normal Defense
1 - 34% - 33% - 15:29
2 - 35% - 32% - 15:45
3 - 30% - 30% - 13:38
4 - 2% - 5% - 0:45
PP Forward
1 - 52% - 50% - 2:50
2 - 48% - 50% - 2:38
PP Defense
1 - 61% - 55% - 3:21
2 - 39% - 45% - 2:07
PK Forward
1 - 93% - 65% - 7:05
2 - 7% - 35% - 0:34
PK Defense
1 - 58% - 65% - 4:24
2 - 42% - 35% - 3:15
PK3 Forward
1 - 0% - 65%
2 - 0% - 35%
PK3 Defense
1 - 0% - 70%
2 - 0% - 30%
44 Forward
1 - 46% - 50% - 0:35
2 - 54% - 50% - 0:41
44 Defense
1 - 50% - 50% - 0:38
2 - 50% - 50% - 0:38
Last Minute Offensive - 0:00
Last Minute Defensive - 0:00
Total
Forward - 60:00
Defense - 60:00
|
Play-by-Play
1st period
0:01 of 1st period - Jared McCann wins face-off versus Michael McLeod in neutral zone.
0:14 of 1st period - Snap shot by Gabriel Vilardi.
0:14 of 1st period - Deflect By Matthew Benning.
0:14 of 1st period - Shot Misses the Net.
0:14 of 1st period - Puck is out of play.
0:15 of 1st period - Chase De Leo wins face-off versus Jack Hughes in Moose zone.
0:47 of 1st period - Wrist shot by Pius Suter.
0:47 of 1st period - Shot Misses the Net.
0:49 of 1st period - Slapshot by Mattias Samuelsson.
0:49 of 1st period - Stopped by Filip Gustavsson without a rebound.
0:50 of 1st period - Michael Dal Colle wins face-off versus Michael McLeod in Moose zone.
1:25 of 1st period - Snap shot by Jared McCann.
1:25 of 1st period - Stopped by Filip Gustavsson with a rebound.
2:21 of 1st period - Snap shot by Jared McCann.
2:21 of 1st period - Shot Misses the Net.
2:25 of 1st period - Snap shot by Michael Carcone.
2:25 of 1st period - Shot Misses the Net.
2:37 of 1st period - Matteson Iacopelli is hit by Lukas Rousek and loses puck.
2:50 of 1st period - Matthew Benning is hit by Jack Hughes and loses puck.
3:09 of 1st period - Wrist shot by Jack Hughes.
3:09 of 1st period - Shot Misses the Net.
3:19 of 1st period - Slapshot by Mitchell Stephens.
3:19 of 1st period - Shot Misses the Net.
3:21 of 1st period - Slapshot by Kristian Vesalainen.
3:21 of 1st period - Shot Misses the Net.
3:23 of 1st period - Wrist shot by Mitchell Stephens.
3:23 of 1st period - Goal by Mitchell Stephens - Moose : 1 - Eagles : 0.
3:24 of 1st period - Michael McLeod wins face-off versus Jared McCann in neutral zone.
4:56 of 1st period - Snap shot by Chase De Leo.
4:56 of 1st period - Stopped by Adin Hill with a rebound.
6:19 of 1st period - Minor Penalty to Kevin Bahl for Slashing.
6:20 of 1st period - Jared McCann wins face-off versus Michael McLeod in Eagles zone.
6:34 of 1st period - Jared McCann is hit by Nick Paul and loses puck.
6:51 of 1st period - Connor Carrick is hit by Chase De Leo and loses puck.
7:32 of 1st period - Ludwig Bystrom is hit by Keaton Middleton and loses puck.
8:19 of 1st period - Penalty to Kevin Bahl is over, Kevin Bahl is back on ice.
8:23 of 1st period - Gabriel Vilardi is hit by Matthew Benning and loses puck.
8:28 of 1st period - Snap shot by Jake Leschyshyn.
8:28 of 1st period - Stopped by Adin Hill with a rebound.
8:40 of 1st period - Snap shot by Sam Steel.
8:40 of 1st period - Shot Misses the Net.
8:42 of 1st period - Slapshot by Keaton Middleton.
8:42 of 1st period - Stopped by Filip Gustavsson without a rebound.
8:43 of 1st period - Mitchell Stephens wins face-off versus Zach Aston-Reese in Moose zone.
8:52 of 1st period - Wrist shot by Michael Dal Colle.
8:52 of 1st period - Stopped by Filip Gustavsson with a rebound.
9:15 of 1st period - Josh Mahura is hit by Tyler Motte.
10:11 of 1st period - Wrist shot by Jake Leschyshyn.
10:11 of 1st period - Stopped by Adin Hill with a rebound.
10:31 of 1st period - Snap shot by Chase De Leo.
10:31 of 1st period - Stopped by Adin Hill with a rebound.
11:02 of 1st period - Snap shot by Michael McLeod.
11:02 of 1st period - Shot Misses the Net.
11:04 of 1st period - Wrist shot by Nick Paul.
11:04 of 1st period - Shot Blocked by Keaton Middleton.
11:08 of 1st period - Snap shot by Michael McLeod.
11:08 of 1st period - Shot Blocked by Connor Carrick.
11:10 of 1st period - Snap shot by Vinni Lettieri.
11:10 of 1st period - Shot Misses the Net.
11:43 of 1st period - Snap shot by Jack Dougherty.
11:43 of 1st period - Stopped by Filip Gustavsson with a rebound.
12:16 of 1st period - Snap shot by Matteson Iacopelli.
12:16 of 1st period - Goal by Matteson Iacopelli - Moose : 1 - Eagles : 1.
12:17 of 1st period - Vinni Lettieri wins face-off versus Jared McCann in neutral zone.
12:24 of 1st period - Slapshot by Michael McLeod.
12:24 of 1st period - Deflect By Jack Dougherty.
12:24 of 1st period - Shot Blocked by Jack Dougherty.
12:24 of 1st period - Puck is out of play.
12:25 of 1st period - Jared McCann wins face-off versus Michael McLeod in Eagles zone.
12:38 of 1st period - Slapshot by Jared McCann.
12:38 of 1st period - Shot Misses the Net.
12:40 of 1st period - Backhand shot by Michael Carcone.
12:40 of 1st period - Shot Misses the Net.
12:54 of 1st period - Wrist shot by Chase De Leo.
12:54 of 1st period - Shot Misses the Net.
14:01 of 1st period - Snap shot by Zach Aston-Reese.
14:01 of 1st period - Shot Misses the Net.
14:37 of 1st period - Snap shot by Jake Leschyshyn.
14:37 of 1st period - Shot Blocked by Jonathan Racine.
15:42 of 1st period - Icing by Zach Aston-Reese.
15:43 of 1st period - Tyler Motte wins face-off versus Jake Leschyshyn in Eagles zone.
16:08 of 1st period - Connor Carrick is hit by Nick Paul and loses puck.
16:31 of 1st period - Wrist shot by Jared McCann.
16:31 of 1st period - Stopped by Filip Gustavsson without a rebound.
16:32 of 1st period - Sam Steel wins face-off versus Julien Gauthier in Moose zone.
17:20 of 1st period - Wrist shot by Gabriel Vilardi.
17:20 of 1st period - Shot Blocked by Kieffer Bellows.
17:22 of 1st period - Slapshot by Kevin Bahl.
17:22 of 1st period - Stopped by Filip Gustavsson without a rebound.
17:23 of 1st period - Jared McCann wins face-off versus Julien Gauthier in Moose zone.
17:36 of 1st period - Slapshot by Gabriel Vilardi.
17:36 of 1st period - Stopped by Filip Gustavsson with a rebound.
17:40 of 1st period - Wrist shot by Michael Carcone.
17:40 of 1st period - Shot Misses the Net.
17:42 of 1st period - Wrist shot by Gabriel Vilardi.
17:42 of 1st period - Stopped by Filip Gustavsson without a rebound.
17:43 of 1st period - Michael McLeod wins face-off versus Jack Hughes in Moose zone.
18:53 of 1st period - Caleb Jones is hit by Matthew Phillips and loses puck.
19:14 of 1st period - Wrist shot by Sam Steel.
19:14 of 1st period - Stopped by Filip Gustavsson with a rebound.
Goals for this period are 1 for Moose vs 1 for Eagles.
Shots for this period are 5 for Moose vs 11 for Eagles.
2nd period
0:01 of 2nd period - Jared McCann wins face-off versus Michael McLeod in neutral zone.
0:04 of 2nd period - Vinni Lettieri is hit by Gabriel Vilardi and loses puck.
0:22 of 2nd period - Icing by Matthew Benning.
0:23 of 2nd period - Jack Hughes wins face-off versus Michael McLeod in Moose zone.
0:28 of 2nd period - Snap shot by Matteson Iacopelli.
0:28 of 2nd period - Shot Misses the Net.
0:30 of 2nd period - Wrist shot by Jonathan Racine.
0:30 of 2nd period - Shot Blocked by Michael McLeod.
0:32 of 2nd period - Snap shot by Matteson Iacopelli.
0:32 of 2nd period - Stopped by Filip Gustavsson without a rebound.
0:33 of 2nd period - Chase De Leo wins face-off versus Jack Hughes in Moose zone.
1:27 of 2nd period - Minor Penalty to Caleb Jones for Boarding.
1:28 of 2nd period - Michael McLeod wins face-off versus Jared McCann in Moose zone.
1:42 of 2nd period - Wrist shot by Gabriel Vilardi.
1:42 of 2nd period - Shot Blocked by Michael McLeod.
1:44 of 2nd period - Snap shot by Jack Dougherty.
1:44 of 2nd period - Shot Blocked by Michael McLeod.
2:02 of 2nd period - Snap shot by Jack Hughes.
2:02 of 2nd period - Stopped by Filip Gustavsson without a rebound.
2:03 of 2nd period - Jared McCann wins face-off versus Michael McLeod in Moose zone.
2:10 of 2nd period - Snap shot by Jared McCann.
2:10 of 2nd period - Shot Misses the Net.
2:12 of 2nd period - Snap shot by Gabriel Vilardi.
2:12 of 2nd period - Shot Misses the Net.
2:14 of 2nd period - Snap shot by Gabriel Vilardi.
2:14 of 2nd period - Goal by Gabriel Vilardi - Moose : 1 - Eagles : 2.
2:15 of 2nd period - Michael McLeod wins face-off versus Jared McCann in neutral zone.
2:26 of 2nd period - Slapshot by Michael McLeod.
2:26 of 2nd period - Goal by Michael McLeod - Moose : 2 - Eagles : 2.
2:27 of 2nd period - Nick Paul wins face-off versus Jared McCann in neutral zone.
2:38 of 2nd period - Wrist shot by Vinni Lettieri.
2:38 of 2nd period - Shot Blocked by Gabriel Vilardi.
2:40 of 2nd period - Slapshot by Ludwig Bystrom.
2:40 of 2nd period - Deflect By Michael McLeod.
2:40 of 2nd period - Stopped by Adin Hill without a rebound.
2:41 of 2nd period - Jack Hughes wins face-off versus Michael McLeod in Eagles zone.
2:43 of 2nd period - Minor Penalty to Matteson Iacopelli for Cross-checking.
2:44 of 2nd period - Jared McCann wins face-off versus Michael McLeod in Eagles zone.
2:49 of 2nd period - Icing by Michael McLeod.
2:50 of 2nd period - Jared McCann wins face-off versus Michael McLeod in Moose zone.
2:51 of 2nd period - Wrist shot by Tyler Motte.
2:51 of 2nd period - Shot Misses the Net.
3:04 of 2nd period - Snap shot by Vinni Lettieri.
3:04 of 2nd period - Shot Hit the Post.
3:34 of 2nd period - Wrist shot by Michael McLeod.
3:34 of 2nd period - Stopped by Adin Hill without a rebound.
3:35 of 2nd period - Chase De Leo wins face-off versus Michael Dal Colle in Eagles zone.
3:36 of 2nd period - Snap shot by Anders Bjork.
3:36 of 2nd period - Shot Blocked by Keaton Middleton.
3:38 of 2nd period - Wrist shot by Anders Bjork.
3:38 of 2nd period - Shot Blocked by Michael Carcone.
3:40 of 2nd period - Wrist shot by Julien Gauthier.
3:40 of 2nd period - Stopped by Adin Hill with a rebound.
3:42 of 2nd period - Snap shot by Julien Gauthier.
3:42 of 2nd period - Goal by Julien Gauthier - Moose : 3 - Eagles : 2.
3:43 of 2nd period - Michael McLeod wins face-off versus Jared McCann in neutral zone.
3:46 of 2nd period - Slapshot by Matthew Benning.
3:46 of 2nd period - Stopped by Adin Hill with a rebound.
4:35 of 2nd period - Matteson Iacopelli is hit by Jake Leschyshyn and loses puck.
5:20 of 2nd period - Michael McLeod is hit by Michael Carcone.
5:34 of 2nd period - Snap shot by Pius Suter.
5:34 of 2nd period - Shot Misses the Net.
5:36 of 2nd period - Slapshot by Jonathan Racine.
5:36 of 2nd period - Shot Blocked by Anders Bjork.
5:38 of 2nd period - Snap shot by Pius Suter.
5:38 of 2nd period - Stopped by Filip Gustavsson without a rebound.
5:39 of 2nd period - Jack Hughes wins face-off versus Michael McLeod in Moose zone.
5:44 of 2nd period - Snap shot by Tyler Motte.
5:44 of 2nd period - Goal by Tyler Motte - Moose : 3 - Eagles : 3.
5:45 of 2nd period - Jared McCann wins face-off versus Michael McLeod in neutral zone.
5:48 of 2nd period - Slapshot by Gabriel Vilardi.
5:48 of 2nd period - Stopped by Filip Gustavsson with a rebound.
5:59 of 2nd period - Minor Penalty to Michael McLeod for Slashing.
6:00 of 2nd period - Jack Hughes wins face-off versus Julien Gauthier in Moose zone.
6:47 of 2nd period - Slapshot by Nick Paul.
6:47 of 2nd period - Stopped by Adin Hill without a rebound.
6:48 of 2nd period - Julien Gauthier wins face-off versus Jack Hughes in Eagles zone.
6:51 of 2nd period - Snap shot by Anders Bjork.
6:51 of 2nd period - Shot Misses the Net.
7:21 of 2nd period - Juuso Valimaki is hit by Michael Carcone and loses puck.
7:59 of 2nd period - Penalty to Michael McLeod is over, Michael McLeod is back on ice.
8:18 of 2nd period - Mitchell Stephens is hit by Keaton Middleton.
8:53 of 2nd period - Icing by Matteson Iacopelli.
8:54 of 2nd period - Jake Leschyshyn wins face-off versus Jack Hughes in Eagles zone.
9:21 of 2nd period - Slapshot by Gabriel Vilardi.
9:21 of 2nd period - Shot Misses the Net.
9:23 of 2nd period - Slapshot by Gabriel Vilardi.
9:23 of 2nd period - Deflect By Jared McCann.
9:23 of 2nd period - Goal by Jared McCann - Moose : 3 - Eagles : 4.
9:24 of 2nd period - Jared McCann wins face-off versus Michael McLeod in neutral zone.
10:07 of 2nd period - Off-side.
10:08 of 2nd period - Zach Aston-Reese wins face-off versus Jake Leschyshyn in neutral zone.
10:21 of 2nd period - Backhand shot by Juuso Valimaki.
10:21 of 2nd period - Stopped by Adin Hill without a rebound.
10:22 of 2nd period - Jared McCann wins face-off versus Nick Paul in Eagles zone.
10:27 of 2nd period - Slapshot by Michael McLeod.
10:27 of 2nd period - Stopped by Adin Hill with a rebound.
11:09 of 2nd period - Icing by Matthew Benning.
11:10 of 2nd period - Sam Steel wins face-off versus Jake Leschyshyn in Moose zone.
11:14 of 2nd period - Icing by Ludwig Bystrom.
11:15 of 2nd period - Jake Leschyshyn wins face-off versus Jared McCann in Moose zone.
11:22 of 2nd period - Wrist shot by Gabriel Vilardi.
11:22 of 2nd period - Shot Misses the Net.
11:42 of 2nd period - Snap shot by Jack Hughes.
11:42 of 2nd period - Shot Misses the Net.
11:44 of 2nd period - Snap shot by Matteson Iacopelli.
11:44 of 2nd period - Shot Blocked by Kieffer Bellows.
11:46 of 2nd period - Slapshot by Jack Dougherty.
11:46 of 2nd period - Stopped by Filip Gustavsson without a rebound.
11:47 of 2nd period - Jack Hughes wins face-off versus Michael McLeod in Moose zone.
11:56 of 2nd period - Snap shot by Juuso Valimaki.
11:56 of 2nd period - Stopped by Adin Hill with a rebound.
12:02 of 2nd period - Slapshot by Connor Carrick.
12:02 of 2nd period - Shot Misses the Net.
12:15 of 2nd period - Wrist shot by Anders Bjork.
12:15 of 2nd period - Deflect By Gabriel Vilardi.
12:15 of 2nd period - Shot Misses the Net.
12:15 of 2nd period - Puck is out of play.
12:16 of 2nd period - Jared McCann wins face-off versus Chase De Leo in Eagles zone.
12:29 of 2nd period - Slapshot by Jack Dougherty.
12:29 of 2nd period - Stopped by Filip Gustavsson with a rebound.
13:09 of 2nd period - Wrist shot by Kieffer Bellows.
13:09 of 2nd period - Shot Blocked by Connor Carrick.
13:49 of 2nd period - Off-side.
13:50 of 2nd period - Jack Hughes wins face-off versus Mitchell Stephens in neutral zone.
14:04 of 2nd period - Wrist shot by Lukas Rousek.
14:04 of 2nd period - Stopped by Adin Hill without a rebound.
14:05 of 2nd period - Jared McCann wins face-off versus Michael McLeod in Eagles zone.
14:18 of 2nd period - Michael Carcone is hit by Michael McLeod and loses puck.
14:31 of 2nd period - Mattias Samuelsson is hit by Julien Gauthier and loses puck.
14:39 of 2nd period - Slapshot by Chase De Leo.
14:39 of 2nd period - Shot Misses the Net.
14:41 of 2nd period - Snap shot by Anders Bjork.
14:41 of 2nd period - Shot Misses the Net.
14:57 of 2nd period - Slapshot by Sam Steel.
14:57 of 2nd period - Deflect By Pius Suter.
14:57 of 2nd period - Shot Blocked by Joey Keane.
14:57 of 2nd period - Puck is out of play.
14:58 of 2nd period - Jared McCann wins face-off versus Michael McLeod in Moose zone.
14:59 of 2nd period - Snap shot by Michael Carcone.
14:59 of 2nd period - Shot Misses the Net.
15:30 of 2nd period - Snap shot by Chase De Leo.
15:30 of 2nd period - Deflect By Jack Hughes.
15:30 of 2nd period - Shot Misses the Net.
15:30 of 2nd period - Puck is out of play.
15:31 of 2nd period - Michael McLeod wins face-off versus Jack Hughes in Eagles zone.
15:42 of 2nd period - Snap shot by Nick Paul.
15:42 of 2nd period - Stopped by Adin Hill with a rebound.
15:44 of 2nd period - Snap shot by Matthew Benning.
15:44 of 2nd period - Shot Misses the Net.
16:10 of 2nd period - Slapshot by Chase De Leo.
16:10 of 2nd period - Shot Blocked by Keaton Middleton.
16:12 of 2nd period - Slapshot by Anders Bjork.
16:12 of 2nd period - Stopped by Adin Hill with a rebound.
16:46 of 2nd period - Slapshot by Michael Dal Colle.
16:46 of 2nd period - Stopped by Filip Gustavsson without a rebound.
16:47 of 2nd period - Zach Aston-Reese wins face-off versus Michael McLeod in Moose zone.
16:56 of 2nd period - Snap shot by Michael McLeod.
16:56 of 2nd period - Deflect By Jack Dougherty.
16:56 of 2nd period - Goal by Michael McLeod - Moose : 4 - Eagles : 4.
16:57 of 2nd period - Jared McCann wins face-off versus Michael McLeod in neutral zone.
17:06 of 2nd period - Slapshot by Nick Paul.
17:06 of 2nd period - Shot Misses the Net.
17:26 of 2nd period - Snap shot by Tyler Motte.
17:26 of 2nd period - Shot Misses the Net.
17:28 of 2nd period - Snap shot by Jack Hughes.
17:28 of 2nd period - Shot Misses the Net.
17:30 of 2nd period - Slapshot by Jonathan Racine.
17:30 of 2nd period - Stopped by Filip Gustavsson without a rebound.
17:31 of 2nd period - Jack Hughes wins face-off versus Michael McLeod in Moose zone.
17:58 of 2nd period - Matthew Benning is hit by Jared McCann and loses puck.
18:03 of 2nd period - Snap shot by Jared McCann.
18:03 of 2nd period - Stopped by Filip Gustavsson with a rebound.
18:14 of 2nd period - Connor Carrick is hit by Lukas Rousek and loses puck.
18:47 of 2nd period - Snap shot by Jake Leschyshyn.
18:47 of 2nd period - Stopped by Adin Hill without a rebound.
18:48 of 2nd period - Michael McLeod wins face-off versus Jared McCann in Eagles zone.
19:01 of 2nd period - Snap shot by Jared McCann.
19:01 of 2nd period - Shot Blocked by Nick Paul.
19:03 of 2nd period - Slapshot by Jack Dougherty.
19:03 of 2nd period - Shot Misses the Net.
19:13 of 2nd period - Vinni Lettieri is hit by Jack Dougherty and loses puck.
19:18 of 2nd period - Slapshot by Connor Carrick.
19:18 of 2nd period - Stopped by Filip Gustavsson with a rebound.
19:38 of 2nd period - Slapshot by Michael Dal Colle.
19:38 of 2nd period - Shot Blocked by Nick Paul.
19:40 of 2nd period - Slapshot by Kevin Bahl.
19:40 of 2nd period - Stopped by Filip Gustavsson with a rebound.
19:42 of 2nd period - Snap shot by Michael Dal Colle.
19:42 of 2nd period - Shot Misses the Net.
19:48 of 2nd period - Snap shot by Zach Aston-Reese.
19:48 of 2nd period - Shot Misses the Net.
Goals for this period are 3 for Moose vs 3 for Eagles.
Shots for this period are 15 for Moose vs 14 for Eagles.
3rd period
0:01 of 3rd period - Jared McCann wins face-off versus Michael McLeod in neutral zone.
0:04 of 3rd period - Michael McLeod is hit by Keaton Middleton and loses puck.
0:13 of 3rd period - Backhand shot by Nick Paul.
0:13 of 3rd period - Shot Blocked by Keaton Middleton.
0:15 of 3rd period - Wrist shot by Nick Paul.
0:15 of 3rd period - Shot Misses the Net.
0:34 of 3rd period - Wrist shot by Gabriel Vilardi.
0:34 of 3rd period - Shot Misses the Net.
0:36 of 3rd period - Slapshot by Kevin Bahl.
0:36 of 3rd period - Deflect By Michael Carcone.
0:36 of 3rd period - Stopped by Filip Gustavsson with a rebound.
0:38 of 3rd period - Wrist shot by Michael Carcone.
0:38 of 3rd period - Shot Misses the Net.
0:50 of 3rd period - Snap shot by Gabriel Vilardi.
0:50 of 3rd period - Stopped by Filip Gustavsson with a rebound.
0:52 of 3rd period - Wrist shot by Jared McCann.
0:52 of 3rd period - Deflect By Gabriel Vilardi.
0:52 of 3rd period - Shot Misses the Net.
0:52 of 3rd period - Puck is out of play.
0:53 of 3rd period - Michael McLeod wins face-off versus Jack Hughes in Moose zone.
0:55 of 3rd period - Minor Penalty to Vinni Lettieri for Hooking.
0:56 of 3rd period - Jack Hughes wins face-off versus Michael McLeod in Moose zone.
1:04 of 3rd period - Snap shot by Matthew Phillips.
1:04 of 3rd period - Shot Blocked by Matthew Benning.
1:06 of 3rd period - Backhand shot by Keaton Middleton.
1:06 of 3rd period - Shot Misses the Net.
1:08 of 3rd period - Slapshot by Pius Suter.
1:08 of 3rd period - Stopped by Filip Gustavsson without a rebound.
1:09 of 3rd period - Jared McCann wins face-off versus Michael McLeod in Moose zone.
1:10 of 3rd period - Snap shot by Gabriel Vilardi.
1:10 of 3rd period - Deflect By Michael Carcone.
1:10 of 3rd period - Stopped by Filip Gustavsson without a rebound.
1:11 of 3rd period - Jared McCann wins face-off versus Michael McLeod in Moose zone.
1:38 of 3rd period - Minor Penalty to Jack Dougherty for Interference.
1:39 of 3rd period - Michael McLeod wins face-off versus Michael Carcone in Eagles zone.
1:46 of 3rd period - Snap shot by Michael McLeod.
1:46 of 3rd period - Shot Blocked by Michael Carcone.
2:16 of 3rd period - Off-side.
2:17 of 3rd period - Julien Gauthier wins face-off versus Jared McCann in neutral zone.
2:20 of 3rd period - Slapshot by Ludwig Bystrom.
2:20 of 3rd period - Shot Blocked by Jonathan Racine.
2:26 of 3rd period - Slapshot by Keaton Middleton.
2:26 of 3rd period - Stopped by Filip Gustavsson without a rebound.
2:27 of 3rd period - Michael McLeod wins face-off versus Jack Hughes in Moose zone.
2:32 of 3rd period - Slapshot by Ludwig Bystrom.
2:32 of 3rd period - Stopped by Adin Hill without a rebound.
2:33 of 3rd period - Michael McLeod wins face-off versus Jack Hughes in Eagles zone.
2:55 of 3rd period - Penalty to Vinni Lettieri is over, Vinni Lettieri is back on ice.
3:38 of 3rd period - Penalty to Jack Dougherty is over, Jack Dougherty is back on ice.
3:45 of 3rd period - Off-side.
3:46 of 3rd period - Pius Suter wins face-off versus Chase De Leo in neutral zone.
4:38 of 3rd period - Snap shot by Sam Steel.
4:38 of 3rd period - Stopped by Filip Gustavsson with a rebound.
4:40 of 3rd period - Slapshot by Matthew Phillips.
4:40 of 3rd period - Shot Misses the Net.
4:42 of 3rd period - Snap shot by Matthew Phillips.
4:42 of 3rd period - Shot Blocked by Josh Mahura.
4:44 of 3rd period - Snap shot by Pius Suter.
4:44 of 3rd period - Shot Misses the Net.
5:02 of 3rd period - Slapshot by Julien Gauthier.
5:02 of 3rd period - Goal by Julien Gauthier - Moose : 5 - Eagles : 4.
5:03 of 3rd period - Michael McLeod wins face-off versus Jack Hughes in neutral zone.
5:12 of 3rd period - Slapshot by Nick Paul.
5:12 of 3rd period - Stopped by Adin Hill with a rebound.
5:19 of 3rd period - Off-side.
5:20 of 3rd period - Julien Gauthier wins face-off versus Jared McCann in neutral zone.
5:29 of 3rd period - Jared McCann is hit by Matthew Benning and loses puck.
6:49 of 3rd period - Wrist shot by Anders Bjork.
6:49 of 3rd period - Stopped by Adin Hill with a rebound.
6:51 of 3rd period - Wrist shot by Julien Gauthier.
6:51 of 3rd period - Stopped by Adin Hill without a rebound.
6:52 of 3rd period - Jack Hughes wins face-off versus Chase De Leo in Eagles zone.
7:50 of 3rd period - Wrist shot by Pius Suter.
7:50 of 3rd period - Shot Blocked by Josh Mahura.
8:26 of 3rd period - Minor Penalty to Tyler Motte for Goalie Interference.
8:27 of 3rd period - Jared McCann wins face-off versus Michael McLeod in Eagles zone.
10:26 of 3rd period - Penalty to Tyler Motte is over, Tyler Motte is back on ice.
10:42 of 3rd period - Snap shot by Mitchell Stephens.
10:42 of 3rd period - Shot Blocked by Keaton Middleton.
10:44 of 3rd period - Wrist shot by Josh Mahura.
10:44 of 3rd period - Shot Blocked by Tyler Motte.
10:46 of 3rd period - Snap shot by Mitchell Stephens.
10:46 of 3rd period - Shot Misses the Net.
10:53 of 3rd period - Icing by Connor Carrick.
10:54 of 3rd period - Sam Steel wins face-off versus Boris Katchouk in Eagles zone.
12:00 of 3rd period - Snap shot by Brett Leason.
12:00 of 3rd period - Deflect By Zach Aston-Reese.
12:00 of 3rd period - Stopped by Filip Gustavsson with a rebound.
12:02 of 3rd period - Slapshot by Jonathan Racine.
12:02 of 3rd period - Shot Blocked by Nick Paul.
12:42 of 3rd period - Snap shot by Julien Gauthier.
12:42 of 3rd period - Shot Misses the Net.
13:18 of 3rd period - Wrist shot by Ludwig Bystrom.
13:18 of 3rd period - Goal by Ludwig Bystrom - Moose : 6 - Eagles : 4.
13:19 of 3rd period - Michael McLeod wins face-off versus Jack Hughes in neutral zone.
13:26 of 3rd period - Snap shot by Michael McLeod.
13:26 of 3rd period - Stopped by Adin Hill without a rebound.
13:27 of 3rd period - Michael McLeod wins face-off versus Jack Hughes in Eagles zone.
13:36 of 3rd period - Snap shot by Michael McLeod.
13:36 of 3rd period - Shot Misses the Net.
13:38 of 3rd period - Snap shot by Michael McLeod.
13:38 of 3rd period - Deflect By Vinni Lettieri.
13:38 of 3rd period - Shot Misses the Net.
13:38 of 3rd period - Puck is out of play.
13:39 of 3rd period - Matteson Iacopelli wins face-off versus Michael McLeod in Eagles zone.
13:54 of 3rd period - Wrist shot by Vinni Lettieri.
13:54 of 3rd period - Stopped by Adin Hill with a rebound.
14:12 of 3rd period - Wrist shot by Anders Bjork.
14:12 of 3rd period - Stopped by Adin Hill with a rebound.
14:22 of 3rd period - Minor Penalty to Ludwig Bystrom for Tripping.
14:23 of 3rd period - Jack Hughes wins face-off versus Michael McLeod in Moose zone.
15:44 of 3rd period - Slapshot by Anders Bjork.
15:44 of 3rd period - Stopped by Adin Hill without a rebound.
15:45 of 3rd period - Julien Gauthier wins face-off versus Jared McCann in Eagles zone.
16:22 of 3rd period - Penalty to Ludwig Bystrom is over, Ludwig Bystrom is back on ice.
16:54 of 3rd period - Minor Penalty to Jack Hughes for Tripping.
16:55 of 3rd period - Jared McCann wins face-off versus Michael McLeod in Eagles zone.
16:55 of 3rd period - Jared McCann is hit by Nick Paul.
17:09 of 3rd period - Backhand shot by Tyler Motte.
17:09 of 3rd period - Shot Misses the Net.
17:11 of 3rd period - Slapshot by Tyler Motte.
17:11 of 3rd period - Shot Misses the Net.
17:21 of 3rd period - Jared McCann is hit by Julien Gauthier.
17:31 of 3rd period - Backhand shot by Chase De Leo.
17:31 of 3rd period - Shot Misses the Net.
18:31 of 3rd period - Icing by Matthew Benning.
18:32 of 3rd period - Zach Aston-Reese wins face-off versus Michael McLeod in Moose zone.
18:54 of 3rd period - Penalty to Jack Hughes is over, Jack Hughes is back on ice.
19:35 of 3rd period - Slapshot by Jack Hughes.
19:35 of 3rd period - Deflect By Michael Carcone.
19:35 of 3rd period - Shot Misses the Net.
19:35 of 3rd period - Puck is out of play.
19:36 of 3rd period - Julien Gauthier wins face-off versus Sam Steel in Moose zone.
19:49 of 3rd period - Snap shot by Julien Gauthier.
19:49 of 3rd period - Stopped by Adin Hill without a rebound.
19:50 of 3rd period - Julien Gauthier wins face-off versus Sam Steel in Eagles zone.
Goals for this period are 2 for Moose vs 0 for Eagles.
Shots for this period are 11 for Moose vs 7 for Eagles.